[ PARTIDA AOE2 · #468377973 ]
Team RMJemeres vs Mongols
[ ANÁLISIS DE REPETICIÓN · EXTRAÍDO DE LA PARTIDA GRABADA ]
Feudal
8:57
Castillos
17:40
Imperial
45:32
| APM promedio | 26.1 |
| APM pico | 53 |
| eAPM promedio | 15.4 |
| Aldeanos / militares | 114 / 78 |
Foco
⚔️ 23.0% · 🌾 77.0%
Ballista Elephant ×48 · Scout Cavalry ×23 · Knight ×7
Feudal
11:57
Castillos
16:56
Imperial
45:58
| APM promedio | 52.7 |
| APM pico | 126 |
| eAPM promedio | 21.8 |
| Aldeanos / militares | 200 / 28 |
Foco
⚔️ 23.9% · 🌾 76.1%
Unknown (1944) ×82 · Unknown (1952) ×40 · Spearman ×25 · Unknown (1949) ×11 · Unknown (1948) ×6 · Monk ×3
Feudal
8:56
Castillos
22:39
Imperial
33:34
| APM promedio | 29.1 |
| APM pico | 51 |
| eAPM promedio | 18.0 |
| Aldeanos / militares | 78 / 84 |
Foco
⚔️ 37.8% · 🌾 62.2%
Skirmisher ×47 · Archer ×21 · Spearman ×11 · Fire Lancer ×4 · Rattan Archer ×1
Feudal
9:45
Castillos
17:15
Imperial
35:41
| APM promedio | 32.0 |
| APM pico | 62 |
| eAPM promedio | 15.3 |
| Aldeanos / militares | 116 / 175 |
Foco
⚔️ 41.1% · 🌾 58.9%
Scout Cavalry ×89 · Mangudai ×49 · Battering Ram ×18 · Cavalry Archer ×15 · Knight ×4
Mapa de la partida
Recursos iniciales + cada clic de construcción. Líneas = muros · curvas = relieve. ◆ oro · ⬟ piedra · ● bayas · ✦ reliquia · ◌ hueco del cierre
Tu base· Abierta — hueco de 3t
Base de Jartina· Abierta — flanco sin cerrar
Base de Wuiledewui· Abierta — hueco de 2t
Base de hargi· Abierta — hueco de 4t
Terreno inicial suavizado · ◌ = hueco del cierre detectado · pasá el cursor para detalles
Inputs por minuto
— ivan8v - - Jartina
Build order — ivan8v
Primeras 150 de 337 acciones detectadas
| 0:02 | Construir | House |
| 0:03 | Construir | House |
| 0:04 | Crear | Villager (Male) |
| 0:04 | Crear | Villager (Male) |
| 0:04 | Crear | Villager (Male) |
| 0:05 | Crear | Villager (Male) |
| 0:05 | Crear | Villager (Male) |
| 0:57 | Construir | House |
| 1:14 | Crear | Villager (Male) |
| 1:28 | Construir | House |
| 1:41 | Crear | Villager (Male) |
| 2:45 | Crear | Villager (Male) |
| 2:46 | Crear | Villager (Male) |
| 3:45 | Crear | Villager (Male) |
| 4:00 | Crear | Villager (Male) |
| 4:22 | Crear | Villager (Male) |
| 4:54 | Construir | Farm |
| 4:56 | Construir | House |
| 5:04 | Construir | House |
| 5:06 | Construir | House |
| 5:08 | Construir | House |
| 5:12 | Crear | Villager (Male) |
| 5:13 | Crear | Villager (Male) |
| 6:02 | Crear | Villager (Male) |
| 6:15 | Construir | Lumber Camp |
| 6:22 | Construir | Farm |
| 6:47 | Investigar | Feudal Age |
| 7:36 | Construir | Lumber Camp |
| 8:38 | Construir | Farm |
| 8:44 | Construir | Farm |
| 8:54 | Crear | Villager (Male) |
| 8:54 | Crear | Villager (Male) |
| 8:55 | Crear | Villager (Male) |
| 8:55 | Crear | Villager (Male) |
| 8:57 | Edad | Edad Feudal |
| 8:59 | Investigar | Loom |
| 8:59 | Crear | Villager (Male) |
| 9:00 | Crear | Villager (Male) |
| 9:00 | Crear | Villager (Male) |
| 9:07 | Investigar | Double-Bit Axe |
| 9:07 | Investigar | Double-Bit Axe |
| 10:15 | Construir | House |
| 10:17 | Construir | House |
| 10:19 | Construir | House |
| 10:20 | Construir | House |
| 10:21 | Construir | House |
| 10:37 | Crear | Villager (Male) |
| 10:50 | Construir | Palisade Wall |
| 10:53 | Construir | Palisade Wall |
| 10:57 | Construir | Palisade Wall |
| 11:10 | Construir | Farm |
| 11:13 | Crear | Villager (Male) |
| 11:14 | Crear | Villager (Male) |
| 11:15 | Crear | Villager (Male) |
| 11:16 | Construir | Farm |
| 11:34 | Construir | Farm |
| 12:00 | Construir | House |
| 12:13 | Crear | Villager (Male) |
| 12:26 | Construir | House |
| 12:28 | Construir | House |
| 12:39 | Construir | Farm |
| 12:53 | Construir | House |
| 12:54 | Construir | House |
| 13:17 | Crear | Villager (Male) |
| 13:18 | Crear | Villager (Male) |
| 13:18 | Crear | Villager (Male) |
| 13:21 | Construir | Farm |
| 13:33 | Construir | Palisade Gate |
| 14:17 | Construir | House |
| 14:18 | Construir | House |
| 14:35 | Crear | Villager (Male) |
| 14:54 | Investigar | Castle Age |
| 14:54 | Investigar | Castle Age |
| 15:19 | Construir | Stable |
| 15:34 | Construir | House |
| 15:47 | Construir | House |
| 15:48 | Construir | House |
| 15:49 | Construir | House |
| 16:13 | Construir | Stable |
| 16:17 | Crear | Scout Cavalry |
| 16:17 | Crear | Scout Cavalry |
| 16:18 | Crear | Scout Cavalry |
| 16:18 | Crear | Scout Cavalry |
| 16:19 | Crear | Scout Cavalry |
| 16:22 | Crear | Scout Cavalry |
| 16:22 | Crear | Scout Cavalry |
| 16:55 | Construir | Stable |
| 17:03 | Crear | Scout Cavalry |
| 17:04 | Crear | Scout Cavalry |
| 17:04 | Crear | Scout Cavalry |
| 17:15 | Construir | House |
| 17:40 | Edad | Edad de los Castillos |
| 17:42 | Construir | Gate |
| 17:46 | Construir | Stone Wall |
| 17:56 | Crear | Knight |
| 17:56 | Crear | Knight |
| 17:57 | Crear | Knight |
| 18:03 | Construir | Farm |
| 18:10 | Crear | Villager (Male) |
| 18:10 | Crear | Villager (Male) |
| 18:23 | Construir | Palisade Wall |
| 18:43 | Crear | Knight |
| 18:43 | Crear | Knight |
| 18:53 | Construir | Farm |
| 18:55 | Crear | Villager (Male) |
| 18:55 | Crear | Villager (Male) |
| 19:25 | Crear | Knight |
| 19:25 | Crear | Knight |
| 19:40 | Construir | Blacksmith |
| 20:02 | Investigar | Scale Barding Armor |
| 20:09 | Construir | Farm |
| 20:12 | Construir | Farm |
| 20:24 | Construir | Castle |
| 20:47 | Investigar | Forging |
| 20:47 | Investigar | Forging |
| 21:03 | Crear | Villager (Male) |
| 21:03 | Crear | Villager (Male) |
| 21:15 | Crear | Villager (Male) |
| 21:15 | Crear | Villager (Male) |
| 21:36 | Crear | Villager (Male) |
| 21:36 | Crear | Villager (Male) |
| 21:37 | Crear | Villager (Male) |
| 22:14 | Crear | Villager (Male) |
| 22:14 | Crear | Villager (Male) |
| 22:28 | Construir | Lumber Camp |
| 24:47 | Construir | Town Center |
| 25:09 | Crear | Ballista Elephant |
| 25:09 | Crear | Ballista Elephant |
| 25:09 | Crear | Ballista Elephant |
| 25:10 | Crear | Ballista Elephant |
| 25:10 | Crear | Ballista Elephant |
| 25:11 | Crear | Ballista Elephant |
| 25:12 | Crear | Ballista Elephant |
| 25:13 | Crear | Ballista Elephant |
| 25:38 | Construir | Watch Tower |
| 26:13 | Crear | Villager (Male) |
| 26:14 | Crear | Villager (Male) |
| 26:14 | Crear | Villager (Male) |
| 26:14 | Crear | Villager (Male) |
| 26:21 | Construir | Mining Camp |
| 26:23 | Construir | Lumber Camp |
| 26:27 | Construir | Mining Camp |
| 27:11 | Crear | Ballista Elephant |
| 27:12 | Crear | Ballista Elephant |
| 27:27 | Crear | Ballista Elephant |
| 27:27 | Crear | Ballista Elephant |
| 27:49 | Construir | Market |
| 27:59 | Construir | Lumber Camp |
| 28:25 | Crear | Ballista Elephant |
| 28:25 | Crear | Ballista Elephant |
Build order — Jartina
Primeras 150 de 334 acciones detectadas
| 0:01 | Crear | Villager (Male) |
| 0:01 | Crear | Villager (Male) |
| 0:01 | Crear | Villager (Male) |
| 0:02 | Crear | Villager (Male) |
| 0:02 | Crear | Villager (Male) |
| 0:05 | Construir | House |
| 0:08 | Construir | House |
| 1:22 | Crear | Villager (Male) |
| 1:22 | Crear | Villager (Male) |
| 1:37 | Construir | Lumber Camp |
| 2:02 | Crear | Villager (Male) |
| 2:02 | Crear | Villager (Male) |
| 2:20 | Crear | Villager (Male) |
| 2:20 | Crear | Villager (Male) |
| 2:20 | Crear | Villager (Male) |
| 2:59 | Crear | Villager (Male) |
| 2:59 | Crear | Villager (Male) |
| 3:07 | Crear | Villager (Male) |
| 3:07 | Crear | Villager (Male) |
| 3:16 | Investigar | Loom |
| 3:20 | Construir | House |
| 3:23 | Construir | House |
| 3:35 | Construir | Palisade Wall |
| 3:41 | Crear | Villager (Male) |
| 3:41 | Crear | Villager (Male) |
| 3:52 | Crear | Villager (Male) |
| 3:52 | Crear | Villager (Male) |
| 3:52 | Crear | Villager (Male) |
| 4:31 | Crear | Villager (Male) |
| 4:31 | Crear | Villager (Male) |
| 5:21 | Crear | Villager (Male) |
| 5:21 | Crear | Villager (Male) |
| 6:26 | Crear | Villager (Male) |
| 6:26 | Crear | Villager (Male) |
| 6:27 | Crear | Villager (Male) |
| 6:27 | Crear | Villager (Male) |
| 6:46 | Construir | Barracks |
| 6:49 | Construir | House |
| 6:51 | Crear | Villager (Male) |
| 6:52 | Crear | Villager (Male) |
| 7:24 | Construir | Mill |
| 8:20 | Crear | Villager (Male) |
| 8:20 | Crear | Villager (Male) |
| 8:49 | Construir | Mill |
| 8:54 | Construir | Mining Camp |
| 9:33 | Construir | House |
| 9:34 | Construir | House |
| 9:40 | Crear | Villager (Male) |
| 9:47 | Investigar | Feudal Age |
| 11:01 | Crear | Villager (Male) |
| 11:01 | Crear | Villager (Male) |
| 11:48 | Construir | Lumber Camp |
| 11:57 | Edad | Edad Feudal |
| 12:03 | Construir | Watch Tower |
| 12:12 | Construir | Archery Range |
| 12:23 | Construir | Stable |
| 12:28 | Construir | Archery Range |
| 12:31 | Construir | House |
| 12:32 | Construir | House |
| 12:37 | Construir | House |
| 12:39 | Construir | House |
| 13:01 | Construir | Blacksmith |
| 13:16 | Crear | Villager (Male) |
| 13:16 | Crear | Villager (Male) |
| 14:16 | Investigar | Castle Age |
| 14:22 | Construir | Archery Range |
| 14:50 | Investigar | Double-Bit Axe |
| 14:54 | Construir | Farm |
| 14:55 | Construir | Farm |
| 15:22 | Investigar | Horse Collar |
| 15:58 | Investigar | Gold Mining |
| 15:59 | Crear | Villager (Male) |
| 16:07 | Investigar | Fletching |
| 16:16 | Construir | Lumber Camp |
| 16:41 | Investigar | Padded Archer Armor |
| 16:45 | Construir | Farm |
| 16:47 | Construir | Farm |
| 16:48 | Construir | Farm |
| 16:49 | Construir | Farm |
| 16:56 | Edad | Edad de los Castillos |
| 17:29 | Construir | Farm |
| 17:41 | Crear | Unit 1952 ×3 |
| 17:42 | Crear | Unit 1952 ×3 |
| 17:52 | Crear | Villager (Male) |
| 18:08 | Crear | Unit 1952 ×3 |
| 18:08 | Crear | Unit 1952 ×3 |
| 18:12 | Crear | Villager (Male) |
| 18:38 | Crear | Unit 1952 ×4 |
| 18:38 | Crear | Unit 1952 ×4 |
| 18:42 | Construir | Farm |
| 18:47 | Crear | Villager (Male) |
| 18:55 | Construir | Farm |
| 19:11 | Crear | Villager (Male) |
| 19:21 | Construir | Market |
| 19:47 | Construir | Farm |
| 20:06 | Investigar | Bloodlines |
| 20:18 | Crear | Villager (Male) |
| 20:18 | Crear | Villager (Male) |
| 20:34 | Construir | University |
| 20:44 | Crear | Unit 1952 ×5 |
| 20:44 | Crear | Unit 1952 ×5 |
| 20:44 | Crear | Unit 1952 ×2 |
| 20:49 | Crear | Villager (Male) |
| 21:49 | Investigar | Pikeman (upgrade) |
| 21:49 | Crear | Spearman |
| 21:50 | Crear | Spearman |
| 22:18 | Construir | Town Center |
| 22:27 | Crear | Villager (Male) |
| 22:28 | Crear | Villager (Male) |
| 22:50 | Crear | Villager (Male) |
| 22:50 | Crear | Villager (Male) |
| 22:58 | Investigar | Ballistics |
| 23:14 | Crear | Spearman ×2 |
| 23:20 | Construir | House |
| 23:21 | Construir | House |
| 23:22 | Construir | House |
| 24:33 | Crear | Villager (Male) ×2 |
| 24:33 | Crear | Villager (Male) ×2 |
| 25:07 | Construir | Barracks |
| 25:07 | Construir | Barracks |
| 25:07 | Construir | Barracks |
| 25:07 | Construir | Barracks |
| 25:08 | Construir | Barracks |
| 25:08 | Construir | Barracks |
| 25:08 | Construir | Barracks |
| 25:42 | Crear | Villager (Male) ×2 |
| 25:42 | Crear | Villager (Male) ×2 |
| 26:32 | Crear | Spearman ×4 |
| 26:32 | Crear | Spearman ×4 |
| 26:32 | Crear | Spearman ×4 |
| 27:36 | Construir | Farm |
| 27:40 | Crear | Spearman ×3 |
| 27:41 | Crear | Spearman ×3 |
| 27:41 | Crear | Spearman ×3 |
| 28:12 | Investigar | Scale Mail Armor |
| 28:27 | Construir | Castle |
| 28:39 | Construir | Town Center |
| 28:44 | Crear | Villager (Male) |
| 28:44 | Crear | Villager (Male) |
| 28:58 | Construir | Farm |
| 29:13 | Investigar | Wheelbarrow |
| 29:14 | Crear | Villager (Male) ×3 |
| 29:14 | Crear | Villager (Male) ×3 |
| 29:14 | Crear | Villager (Male) ×3 |
| 29:33 | Crear | Villager (Male) |
| 29:33 | Crear | Villager (Male) |
| 29:33 | Crear | Villager (Male) |
| 30:09 | Construir | Farm |
| 30:09 | Construir | Farm |
| 30:09 | Construir | Farm |
Build order — Wuiledewui
Primeras 150 de 271 acciones detectadas
| 0:04 | Construir | House |
| 0:06 | Construir | House |
| 0:08 | Construir | House |
| 0:09 | Crear | Villager (Male) |
| 0:57 | Crear | Villager (Male) |
| 1:20 | Crear | Villager (Male) |
| 1:29 | Crear | Villager (Male) |
| 2:04 | Crear | Villager (Male) |
| 2:43 | Crear | Villager (Male) |
| 2:58 | Crear | Villager (Male) |
| 3:11 | Crear | Villager (Male) |
| 3:17 | Crear | Villager (Male) |
| 3:25 | Crear | Villager (Male) |
| 3:38 | Crear | Villager (Male) |
| 3:45 | Crear | Villager (Male) |
| 3:53 | Crear | Villager (Male) |
| 4:13 | Construir | Mill |
| 4:31 | Construir | Lumber Camp |
| 4:36 | Investigar | Loom |
| 4:41 | Crear | Villager (Male) |
| 5:09 | Crear | Villager (Male) |
| 5:48 | Crear | Villager (Male) |
| 6:02 | Crear | Villager (Male) |
| 6:18 | Crear | Villager (Male) |
| 6:46 | Investigar | Feudal Age |
| 7:14 | Construir | House |
| 7:30 | Construir | Mining Camp |
| 7:45 | Crear | Villager (Male) |
| 7:58 | Construir | House |
| 8:06 | Construir | Palisade Wall |
| 8:21 | Crear | Villager (Male) |
| 8:39 | Crear | Villager (Male) |
| 8:49 | Crear | Villager (Male) |
| 8:56 | Edad | Edad Feudal |
| 9:05 | Construir | Barracks |
| 9:36 | Construir | Farm |
| 9:37 | Crear | Villager (Male) |
| 9:50 | Construir | Farm |
| 10:16 | Construir | Farm |
| 10:20 | Crear | Spearman |
| 10:21 | Crear | Spearman |
| 10:31 | Construir | Archery Range |
| 10:45 | Crear | Villager (Male) |
| 10:59 | Crear | Villager (Male) |
| 11:05 | Construir | Farm |
| 11:13 | Construir | House |
| 11:26 | Crear | Archer |
| 11:35 | Construir | Farm |
| 11:36 | Crear | Villager (Male) |
| 11:59 | Construir | Palisade Wall |
| 12:04 | Construir | Palisade Wall |
| 12:11 | Construir | Palisade Wall |
| 12:29 | Crear | Archer |
| 12:30 | Crear | Archer |
| 12:30 | Crear | Archer |
| 12:33 | Construir | Farm |
| 12:33 | Construir | Farm |
| 12:35 | Crear | Villager (Male) |
| 12:42 | Investigar | Double-Bit Axe |
| 12:53 | Investigar | Horse Collar |
| 13:00 | Crear | Archer |
| 13:10 | Construir | Farm |
| 13:22 | Crear | Archer |
| 13:23 | Crear | Archer |
| 13:35 | Crear | Villager (Male) |
| 13:45 | Construir | Mining Camp |
| 13:48 | Crear | Villager (Male) |
| 14:04 | Construir | House |
| 14:26 | Construir | House |
| 14:35 | Construir | Palisade Wall |
| 14:39 | Construir | House |
| 14:40 | Crear | Villager (Male) |
| 14:49 | Crear | Archer |
| 15:01 | Construir | Blacksmith |
| 15:03 | Crear | Villager (Male) |
| 15:09 | Construir | Farm |
| 15:11 | Crear | Villager (Male) |
| 15:24 | Crear | Archer |
| 15:36 | Crear | Spearman |
| 15:42 | Construir | Palisade Wall |
| 15:44 | Crear | Villager (Male) |
| 15:51 | Crear | Villager (Male) |
| 16:06 | Crear | Archer |
| 16:11 | Construir | Farm |
| 16:15 | Crear | Villager (Male) |
| 16:28 | Construir | House |
| 16:31 | Crear | Archer |
| 16:35 | Construir | House |
| 16:49 | Crear | Archer |
| 16:52 | Crear | Villager (Male) |
| 16:55 | Investigar | Fletching |
| 16:56 | Investigar | Padded Archer Armor |
| 17:02 | Construir | House |
| 17:09 | Construir | Palisade Wall |
| 17:15 | Construir | Farm |
| 17:19 | Construir | Farm |
| 17:32 | Construir | Palisade Gate |
| 17:43 | Construir | Farm |
| 17:49 | Construir | Farm |
| 17:54 | Crear | Villager (Male) |
| 18:02 | Construir | Palisade Wall |
| 18:03 | Construir | Palisade Wall |
| 18:40 | Construir | Market |
| 18:44 | Crear | Villager (Male) |
| 19:08 | Crear | Skirmisher |
| 19:10 | Crear | Skirmisher |
| 19:42 | Construir | Watch Tower |
| 19:47 | Construir | House |
| 19:59 | Investigar | Castle Age |
| 20:05 | Construir | Palisade Wall |
| 20:15 | Construir | Palisade Wall |
| 20:16 | Construir | Palisade Wall |
| 20:23 | Construir | House |
| 20:26 | Crear | Skirmisher |
| 20:32 | Crear | Skirmisher |
| 20:48 | Crear | Skirmisher |
| 20:59 | Construir | Watch Tower |
| 21:23 | Construir | Watch Tower |
| 22:07 | Construir | Watch Tower |
| 22:20 | Construir | Mining Camp |
| 22:25 | Construir | Farm |
| 22:39 | Edad | Edad de los Castillos |
| 22:44 | Crear | Skirmisher |
| 22:45 | Crear | Skirmisher |
| 22:49 | Investigar | Crossbowman (upgrade) |
| 23:05 | Crear | Villager (Male) |
| 23:05 | Crear | Villager (Male) |
| 23:17 | Construir | Town Center |
| 24:05 | Crear | Skirmisher |
| 24:08 | Crear | Villager (Male) |
| 24:12 | Construir | Farm |
| 24:27 | Crear | Villager (Male) |
| 24:40 | Investigar | Gold Mining |
| 24:45 | Crear | Villager (Male) |
| 24:53 | Construir | Farm |
| 25:26 | Construir | Gate |
| 25:34 | Construir | Lumber Camp |
| 25:35 | Crear | Villager (Male) |
| 26:37 | Crear | Skirmisher |
| 26:44 | Construir | University |
| 26:57 | Crear | Villager (Male) |
| 27:20 | Crear | Skirmisher |
| 27:20 | Crear | Skirmisher |
| 27:25 | Crear | Villager (Male) |
| 27:36 | Construir | Farm |
| 28:00 | Construir | Castle |
| 28:04 | Crear | Skirmisher |
| 28:16 | Crear | Skirmisher |
| 28:42 | Investigar | Elite Skirmisher (upgrade) |
| 28:59 | Crear | Skirmisher |
Build order — hargi
Primeras 150 de 455 acciones detectadas
| 0:01 | Crear | Villager (Male) |
| 0:01 | Crear | Villager (Male) |
| 0:02 | Crear | Villager (Male) |
| 0:02 | Crear | Villager (Male) |
| 0:02 | Crear | Villager (Male) |
| 0:05 | Construir | House |
| 0:08 | Construir | House |
| 1:22 | Construir | Lumber Camp |
| 1:41 | Crear | Villager (Male) |
| 2:02 | Crear | Villager (Male) |
| 2:38 | Crear | Villager (Male) |
| 3:22 | Construir | House |
| 3:27 | Construir | Mill |
| 3:32 | Crear | Villager (Male) |
| 3:33 | Crear | Villager (Male) |
| 3:33 | Crear | Villager (Male) |
| 3:33 | Crear | Villager (Male) |
| 3:33 | Crear | Villager (Male) |
| 3:56 | Crear | Villager (Male) |
| 4:37 | Construir | House |
| 4:48 | Construir | Mill |
| 4:57 | Crear | Villager (Male) |
| 5:32 | Crear | Villager (Male) |
| 6:08 | Crear | Villager (Male) |
| 6:37 | Crear | Villager (Male) |
| 7:06 | Crear | Villager (Male) |
| 7:10 | Investigar | Loom |
| 7:11 | Investigar | Feudal Age |
| 7:30 | Construir | Barracks |
| 7:33 | Construir | House |
| 7:54 | Crear | Villager (Male) |
| 9:19 | Construir | Palisade Gate |
| 9:25 | Construir | Palisade Wall |
| 9:27 | Construir | Palisade Wall |
| 9:31 | Construir | Palisade Wall |
| 9:32 | Construir | Palisade Wall |
| 9:35 | Construir | Palisade Wall |
| 9:45 | Edad | Edad Feudal |
| 9:55 | Construir | Mining Camp |
| 10:17 | Crear | Villager (Male) |
| 10:20 | Investigar | Double-Bit Axe |
| 10:49 | Construir | Lumber Camp |
| 10:54 | Crear | Villager (Male) |
| 11:04 | Crear | Villager (Male) |
| 11:37 | Crear | Villager (Male) |
| 12:09 | Crear | Villager (Male) |
| 12:29 | Construir | Market |
| 12:34 | Construir | Blacksmith |
| 12:38 | Construir | House |
| 12:43 | Crear | Villager (Male) |
| 12:59 | Construir | Farm |
| 13:05 | Crear | Villager (Male) |
| 13:18 | Construir | Farm |
| 13:21 | Construir | Farm |
| 13:24 | Crear | Villager (Male) |
| 13:50 | Crear | Villager (Male) |
| 14:35 | Investigar | Castle Age |
| 14:40 | Construir | Farm |
| 14:43 | Construir | Farm |
| 15:16 | Construir | Archery Range |
| 15:38 | Construir | Palisade Gate |
| 15:57 | Construir | Archery Range |
| 16:32 | Construir | Lumber Camp |
| 17:05 | Investigar | Fletching |
| 17:15 | Edad | Edad de los Castillos |
| 17:18 | Crear | Cavalry Archer |
| 17:19 | Crear | Cavalry Archer |
| 17:22 | Crear | Cavalry Archer |
| 17:22 | Crear | Cavalry Archer |
| 17:25 | Crear | Cavalry Archer |
| 17:26 | Crear | Cavalry Archer |
| 17:59 | Construir | Town Center |
| 18:03 | Crear | Villager (Male) |
| 18:11 | Construir | House |
| 18:14 | Construir | House |
| 18:16 | Construir | House |
| 18:17 | Construir | House |
| 18:26 | Crear | Villager (Male) |
| 18:33 | Investigar | Bodkin Arrow |
| 18:47 | Construir | Stable |
| 18:50 | Construir | House |
| 19:07 | Crear | Villager (Male) |
| 19:19 | Construir | House |
| 19:34 | Crear | Villager (Male) |
| 19:53 | Crear | Villager (Male) |
| 19:53 | Crear | Villager (Male) |
| 20:05 | Construir | Farm |
| 20:07 | Construir | Farm |
| 20:12 | Construir | Farm |
| 20:15 | Construir | Farm |
| 20:19 | Construir | Farm |
| 20:20 | Construir | Farm |
| 20:38 | Investigar | Padded Archer Armor |
| 20:43 | Crear | Villager (Male) |
| 20:43 | Crear | Villager (Male) |
| 20:47 | Construir | Farm |
| 20:51 | Construir | Farm |
| 21:32 | Crear | Villager (Male) |
| 21:32 | Crear | Villager (Male) |
| 21:37 | Construir | Farm |
| 21:42 | Construir | Farm |
| 22:00 | Crear | Villager (Male) |
| 22:00 | Crear | Villager (Male) |
| 22:08 | Construir | Farm |
| 22:32 | Crear | Villager (Male) |
| 22:33 | Crear | Villager (Male) |
| 22:33 | Crear | Villager (Male) |
| 22:33 | Crear | Villager (Male) |
| 22:52 | Crear | Cavalry Archer |
| 22:53 | Crear | Cavalry Archer |
| 22:53 | Crear | Cavalry Archer |
| 22:53 | Crear | Cavalry Archer |
| 22:54 | Crear | Cavalry Archer |
| 23:16 | Construir | Farm |
| 23:17 | Construir | Farm |
| 23:17 | Construir | Farm |
| 23:18 | Construir | Farm |
| 23:23 | Investigar | Wheelbarrow |
| 23:27 | Investigar | Horse Collar |
| 23:47 | Crear | Cavalry Archer |
| 23:47 | Crear | Cavalry Archer |
| 24:04 | Crear | Villager (Male) |
| 24:04 | Crear | Villager (Male) |
| 24:04 | Crear | Villager (Male) |
| 24:04 | Crear | Villager (Male) |
| 24:15 | Construir | Farm |
| 24:17 | Construir | Farm |
| 24:19 | Crear | Villager (Male) |
| 24:19 | Crear | Villager (Male) |
| 24:46 | Investigar | Leather Archer Armor |
| 24:57 | Construir | University |
| 25:08 | Investigar | Bloodlines |
| 25:18 | Crear | Cavalry Archer |
| 25:18 | Crear | Cavalry Archer |
| 25:19 | Crear | Villager (Male) |
| 25:19 | Crear | Villager (Male) |
| 25:20 | Crear | Villager (Male) |
| 25:56 | Crear | Villager (Male) |
| 25:56 | Crear | Villager (Male) |
| 25:56 | Crear | Villager (Male) |
| 25:57 | Crear | Villager (Male) |
| 26:49 | Construir | House |
| 26:51 | Construir | House |
| 26:51 | Construir | House |
| 26:52 | Construir | House |
| 26:52 | Construir | House |
| 26:52 | Construir | House |
| 27:04 | Construir | Mill |
| 27:13 | Construir | House |
| 27:14 | Construir | House |
Cronología de la partida
| 3:35 | Jartina · wall_segment Palisade Wall x1 |
| 6:46 | Jartina · first_building Barracks |
| 7:30 | hargi · first_building Barracks |
| 8:06 | Wuiledewui · wall_segment Palisade Wall x3 |
| 8:56 | Wuiledewui · age_up feudal |
| 8:57 | ivan8v · age_up feudal |
| 9:05 | Wuiledewui · first_building Barracks |
| 9:25 | hargi · wall_segment Palisade Wall x2 |
| 9:27 | hargi · wall_segment Palisade Wall x2 |
| 9:31 | hargi · wall_segment Palisade Wall x2 |
| 9:32 | hargi · wall_segment Palisade Wall x4 |
| 9:35 | hargi · wall_segment Palisade Wall x3 |
| 9:45 | hargi · age_up feudal |
| 10:31 | Wuiledewui · first_building Archery Range |
| 10:50 | ivan8v · wall_segment Palisade Wall x5 |
| 10:53 | ivan8v · wall_segment Palisade Wall x11 |
| 10:57 | ivan8v · wall_segment Palisade Wall x7 |
| 11:57 | Jartina · age_up feudal |
| 11:59 | Wuiledewui · wall_segment Palisade Wall x1 |
| 12:04 | Wuiledewui · wall_segment Palisade Wall x1 |
| 12:11 | Wuiledewui · wall_segment Palisade Wall x1 |
| 12:12 | Jartina · first_building Archery Range |
| 12:23 | Jartina · first_building Stable |
| 14:35 | Wuiledewui · wall_segment Palisade Wall x2 |
| 15:16 | hargi · first_building Archery Range |
| 15:19 | ivan8v · first_building Stable |
| 15:42 | Wuiledewui · wall_segment Palisade Wall x4 |
| 16:56 | Jartina · age_up castle |
| 17:09 | Wuiledewui · wall_segment Palisade Wall x3 |
| 17:15 | hargi · age_up castle |
| 17:40 | ivan8v · age_up castle |
| 17:46 | ivan8v · wall_segment Stone Wall x5 |
| 18:02 | Wuiledewui · wall_segment Palisade Wall x1 |
| 18:03 | Wuiledewui · wall_segment Palisade Wall x1 |
| 18:23 | ivan8v · wall_segment Palisade Wall x3 |
| 18:47 | hargi · first_building Stable |
| 19:52 | Wuiledewui · first_market_buy 100 food |
| 20:05 | Wuiledewui · wall_segment Palisade Wall x1 |
| 20:15 | Wuiledewui · wall_segment Palisade Wall x1 |
| 20:16 | Wuiledewui · wall_segment Palisade Wall x5 |
| 20:24 | ivan8v · first_building Castle |
| 22:39 | Wuiledewui · age_up castle |
| 28:00 | Wuiledewui · first_building Castle |
| 28:27 | Jartina · first_building Castle |
| 28:47 | Jartina · first_market_buy 100 food |
| 31:19 | hargi · first_market_buy 100 stone |
| 31:29 | hargi · first_building Monastery |
| 33:34 | Wuiledewui · age_up imperial |
| 35:01 | hargi · first_building Castle |
| 35:20 | ivan8v · first_market_buy 100 food |
| 35:41 | hargi · age_up imperial |
| 36:22 | Jartina · first_market_sell 100 wood |
| 36:25 | ivan8v · first_market_sell 100 wood |
| 38:25 | Jartina · first_building Monastery |
| 41:43 | Wuiledewui · first_building Siege Workshop |
| 42:55 | ivan8v · wall_segment Stone Wall x7 |
| 43:18 | Wuiledewui · first_market_sell 100 wood |
| 43:51 | Jartina · first_building Siege Workshop |
| 43:51 | hargi · first_building Siege Workshop |
| 45:06 | Jartina · first_building Dock |
| 45:32 | ivan8v · age_up imperial |
| 45:58 | Jartina · age_up imperial |
| 51:56 | ivan8v · resign |
[ ANÁLISIS IA · 1 CRÉDITO ]
¿Qué pasó realmente en esta partida?
Wolo.gg analiza cada decisión: build order, eco, micro, errores típicos por bracket. Análisis personalizado por WhatsApp o Discord en 30 segundos.
Guía civ
Jemeres
Guía mapa
MegaRandom
Perfil
Jugador #3907995